 Dungeon Crawl Stone Soup version 0.18-a0-1805-g8ab820f (webtiles) character file.

121 Mefis the Magician (level 4, -1/24 HPs)
             Began as a Deep Elf Wizard on Apr 26, 2016.
             Slain by an orc
             ... wielding a cursed -1 hand axe
              (3 damage)
             ... on level 4 of the Dungeon.
             The game lasted 00:12:15 (2629 turns).

Mefis the Magician (Deep Elf Wizard)                Turns: 2629, Time: 00:12:16

Health: -1/24      AC:  3    Str:  4    XL:     4   Next: 76%
Magic:  2/14       EV: 13    Int: 24    God:
Gold:   74         SH:  0    Dex: 13    Spells: 6 memorised, 2 levels left

rFire  . . .     SeeInvis .     e - +0 dagger
rCold  . . .     Gourm    .     a - +0 robe
rNeg   . . .     Faith    .     (no shield)
rPois  .         Spirit   .     b - +0 hat
rElec  .         Dismiss  .     s - +0 cloak
rCorr  .         Reflect  .     (no gloves)
SustAt .         Harm     .     (no boots)
MR     .....                    (no amulet)
Stlth  +.........               (no ring)
                                (no ring)

@: confused, very slightly contaminated, repel missiles, not resistant to
hostile enchantments, very unstealthy
A: no striking features
a: no special abilities


You were on level 4 of the Dungeon.
You were not hungry.

You visited 1 branch of the dungeon, and saw 4 of its levels.

You collected 74 gold pieces.

Inventory:

Hand Weapons
 e - a +0 dagger (weapon)
 n - a +0 hunting sling
Missiles
 m - 31 stones (quivered)
 o - 15 poisoned needles
Armour
 a - a +0 robe (worn)
 b - a +0 hat (worn)
 s - a +0 cloak (worn)
Scrolls
 g - 3 scrolls of identify {unknown}
 k - a scroll of enchant weapon {unknown}
 p - a scroll of immolation {unknown}
 q - a scroll of recharging {unknown}
Potions
 f - a potion of flight {unknown}
 i - a potion of lignification {unknown}
 j - 2 potions of curing {unknown}
 l - a potion of heal wounds {unknown}
 t - a potion of might {unknown}
Books
 c - a book of Minor Magic

   Spells                             Type                      Level
   a - Magic Dart                     Conjuration                  1
   b - Blink                          Translocation                2
   c - Call Imp                       Summoning                    2
   d - Repel Missiles                 Charms/Air                   2
   e - Slow                           Hexes                        2
   f - Conjure Flame                  Conjuration/Fire             3
   g - Mephitic Cloud                 Conjuration/Poison/Air       3
Comestibles
 d - 4 bread rations
 h - 4 fruits
 r - a beef jerky
 u - a meat ration


   Skills:
 + Level 0.4 Fighting
 + Level 0.2 Throwing
 + Level 3.1 Dodging
 + Level 2.7 Stealth
 + Level 6.1 Spellcasting
 + Level 1.8 Conjurations
 + Level 0.8 Charms
 + Level 2.1 Summonings
 + Level 1.1 Translocations


You had 2 spell levels left.
You knew the following spells:

 Your Spells              Type           Power        Failure   Level  Hunger
a - Magic Dart            Conj           ###.         4%          1    None
b - Call Imp              Summ           ###.....     6%          2    None
c - Blink                 Tloc           N/A          10%         2    None
d - Repel Missiles        Chrm/Air       #.....       12%         2    None
e - Mephitic Cloud        Conj/Pois/Air  ##......     21%         3    #......
f - Conjure Flame         Conj/Fire      ##......     21%         3    #......


Dungeon Overview and Level Annotations

Branches:
Dungeon (4/15)
 Temple: D:4-7

Altars:
Fedhas
Gozag
Vehumet

Shops:
D:3 *


Message History

Something hits your crimson imp.
In your confused state, you trip and fall down the stairs.
* * * LOW HITPOINT WARNING * * *
You climb downwards.
You hear the hiss of flowing sand.
There is an entrance to an ossuary on this level.
Hurry and find it before the portal is buried!
An iguana and a centaur come into view.
The centaur shouts!
The iguana hisses angrily.
Found a scroll labeled JUOZA MAUGIEQ and 7 javelins.
Found an escape hatch in the floor.
Found a stone staircase leading down.
There is a stone staircase leading up here.
You're too confused to cast spells.
You're too confused!
Unknown command.
The centaur hits the bush but does no damage.
Found a blossoming altar of Fedhas.
You closely miss the orc.
The centaur hits the bush but does no damage.
The orc hits you with a hand axe.
You die...

##.. ##8..8#
#...>. ###
#..... .>#
#8.l8 ...#
#..##...#
#.....?.#
#..o....#
#.@.....#
PP..........#
PcP..#.......#
_PP. #.......#
P(. ####.####
PP .# # .# .#


You could see a centaur, an iguana and an orc.

Vanquished Creatures
  2 adders
  A dart slug (D:1)
  6 orcs (D:3)
  7 bats
  3 giant cockroaches
  5 goblins
  6 hobgoblins
  5 jackals (D:2)
  3 kobolds
  A quokka (D:2)
  A ball python (D:2)
  A giant newt (D:2)
  3 rats
44 creatures vanquished.

Vanquished Creatures (collateral kills)
  Ijyb (D:2)
  A gnoll (D:1)
  2 adders (D:2)
  A worm (D:2)
  2 orcs (D:3)
  A hobgoblin (D:1)
  6 jackals (D:2)
  2 kobolds (D:2)
  A rat (D:2)
17 creatures vanquished.

Vanquished Creatures (others)
  A hobgoblin (D:3)
1 creature vanquished.

Grand Total: 62 creatures vanquished

Notes
Turn   | Place    | Note
--------------------------------------------------------------
     0 | D:1      | Mefis the Deep Elf Wizard began the quest for the Orb.
     0 | D:1      | Reached XP level 1. HP: 10/10 MP: 7/7
   333 | D:1      | Reached skill level 5 in Spellcasting
   333 | D:1      | Reached XP level 2. HP: 15/15 MP: 7/10
   337 | D:1      | Learned a level 2 spell: Call Imp
   340 | D:1      | Learned a level 2 spell: Blink
   343 | D:1      | Learned a level 2 spell: Repel Missiles
   955 | D:2      | Reached XP level 3. HP: 19/19 MP: 9/11
   960 | D:2      | Learned a level 3 spell: Mephitic Cloud
  1573 | D:2      | Noticed Ijyb
  1659 | D:2      | Killed Ijyb
  1659 | D:2      | Reached XP level 4. HP: 11/24 MP: 0/13
  1670 | D:2      | Learned a level 3 spell: Conjure Flame
  2000 | D:3      | Found an opulent altar of Gozag.
  2007 | D:3      | Found Gozag's Platinum Reserve.
  2043 | D:3      | HP: 1/24 [orc/whip (3)]
  2366 | D:3      | Reached skill level 6 in Spellcasting
  2420 | D:3      | Found a radiant altar of Vehumet.
  2627 | D:4      | Noticed a centaur
  2628 | D:4      | Found a blossoming altar of Fedhas.
  2629 | D:4      | Slain by an orc

Vault maps used:
D:1:      zelgadis_glass_arrival_small, nrook_loot_triangle,
          minmay_misc_feat_pillars
D:2:      first_bread, uniq_iyjb
D:3:      fiery_altar_vehumet, nicolae_gozag_zags_fifth_avenue,
          portal_sewer_entry_a
D:4:      wad_pebble_path, fedhas_bush_and_centaur_altar,
          kiku_gazebo_pond_becter, nicolae_ossuary_entry_ruins, st_stairs_6

Skill      XL: |  1  2  3  4 |
---------------+-------------+-----
Spellcasting   | 5 6 |  6.1
Summonings     | 2 |  2.1
Dodging        | 3 |  3.1
Fighting       | |  0.4
Throwing       | |  0.2
Stealth        | |  2.7
Conjurations   | |  1.8
Charms         | |  0.8
Translocations | |  1.1

Action                   |  1- 3 |  4- 6 || total
-------------------------+-------+-------++-------
Melee: Dagger            |       |     7 ||     7
Throw: Stone             |     6 |     8 ||    14
 Cast: Magic Dart        |    76 |    54 ||   130
       Call Imp          |    15 |     3 ||    18
       Repel Missiles    |     1 |       ||     1
       Mephitic Cloud    |       |     2 ||     2
  Eat: Chunk             |     1 |     4 ||     5
Armor: Robe              |     6 |     5 ||    11
Dodge: Dodged            |    31 |    16 ||    47
       Deflected         |     1 |       ||     1
